 Dungeon Crawl Stone Soup version 0.29-a0-664-gff9cad4a3d (webtiles) character file.

Game seed: 14414340639032317543

60 happo123 the Insei (level 4, -5/33 HPs)
             Began as a Djinni Transmuter on June 22, 2022.
             Slain by a gnoll
             ... wielding a +0 trident
              (8 damage)
             ... on level 2 of the Dungeon.
             The game lasted 00:07:46 (1465 turns).

happo123 the Insei (Djinni Transmuter)              Turns: 1465, Time: 00:07:47

Health: -5/33      AC:  3    Str:  9    XL:     4   Next: 24%
Gold:   102        EV: 12    Int: 17    God:
                   SH:  0    Dex: 13

rFire   + + .      SeeInvis .     - Unarmed
rCold   x . .      Faith    .   (no shield)
rNeg    . . .      Spirit   .   a - +0 robe
rPois   ∞          Reflect  .   (no helmet)
rElec   .          Harm     .   (no cloak)
rCorr   .          Rampage  .   f - +0 pair of gloves
Will    .....                   (boots unavailable)
Stlth   +.........              (no amulet)
HPRegen 0.11/turn               (no ring)
MPRegen 0.00/turn               (no ring)

@: wereblooded, flying
A: sickness immunity, fire resistance 2, cold vulnerability 1, float, innate
caster, HP casting, extra vitality 1
a: no special abilities


You were on level 2 of the Dungeon.
You visited 1 branch of the dungeon, and saw 2 of its levels.

You collected 102 gold pieces.

Inventory:

Armour
 a - a +0 robe (worn)
 f - a +0 pair of gloves (worn)
Magical Staves
 h - a staff of air
Scrolls
 c - a scroll of magic mapping {unknown}
 e - a scroll of noise {unknown}
 g - a scroll of poison {unknown}
 i - a scroll of blinking {unknown}
 k - a scroll of enchant weapon {unknown}
 l - 3 scrolls of identify {unknown}
 m - a scroll of teleportation {unknown}
 o - a scroll of amnesia {unknown}
Potions
 b - a potion of lignification
 d - 2 potions of curing {unknown}
 j - a potion of mutation {unknown}
 n - a potion of might {unknown}


   Skills:
 * Level 2.1 Fighting
 + Level 2.7 Dodging
 + Level 3.3 Unarmed Combat
 * Level 2.2 Spellcasting


You couldn't memorise any spells.
You knew the following spells:

 Your Spells              Type           Power      Damage    Failure   Level
a - Beastly Appendage     Tmut           18%        N/A       8%          1
b - Wereblood             Tmut           9%         N/A       12%         2
c - Spider Form           Tmut/Pois      9%         N/A       22%         3
d - Ice Form              Ice/Tmut       9%         N/A       58%         4
e - Apportation           Tloc           18%        N/A       8%          1
Your spell library was empty.

Dungeon Overview and Level Annotations

Branches:
Dungeon (2/15)

Altars:


Innate Abilities, Weirdness & Mutations

You are immune to sickness and miasma.
You are immune to poison.
Your flesh is very heat resistant. (rF++)
You are vulnerable to cold. (rC-)
You float through the air rather than walking.
You learn spells naturally, not from books.
Your magical power is your life essence.
You have superior vitality. (+4 MHP)


Message History

Your blood is infused with primal strength.
The gnoll barely misses you.
Your transformation is almost over.
The gnoll hits you from afar with a +0 halberd.
The gnoll hits you with a +0 halberd!
* * * LOW HITPOINT WARNING * * *
You hit the gnoll.
The gnoll is moderately wounded.
The gnoll barely misses you.
You closely miss the gnoll.
The gnoll is moderately wounded.
The gnoll closely misses you.
You hit the gnoll.
The gnoll is moderately wounded.
The gnoll barely misses you.
You barely miss the gnoll. You headbutt the gnoll.
The gnoll is heavily wounded.
The gnoll closely misses you.
You hit the gnoll.
The gnoll is heavily wounded.
The gnoll barely misses you.
You hit the gnoll. You headbutt the gnoll.
You feel a bit better.
You kill the gnoll!
A gnoll comes into view. It is wielding a +0 trident.
You howl as the wereblood boils in your veins!
The gnoll shouts!
Things that are here:
a +0 halberd; 8 gold pieces; a gnoll corpse Your horns disappear.
You hit the gnoll.
The gnoll is lightly wounded.
You howl as the wereblood boils in your veins!
The gnoll barely misses you. The gnoll hits you with a +0 flail.
* * * LOW HITPOINT WARNING * * *
The gnoll closely misses you.
You closely miss the gnoll.
The gnoll drinks a potion.
The gnoll suddenly seems more resistant.
The gnoll hits you with a +0 trident!
You die...

.. ##.### #....#
####....# ........######
####.....##...#
.........)....##########
...#...#g#.......>......
...'..g@.#....##########
...#...###....# #
#..........# #
########...# ###### #
#######...###....# #
>..............#.###
######.#####..#.#..
#...##.#........#.#
##...##.......####.#


You could see 2 gnolls.

Vanquished Creatures
  2 gnolls (D:2)
  A worm (D:2)
  A dart slug (D:1)
  3 bats
  4 endoplasms (D:1)
  2 giant cockroaches (D:1)
  7 goblins
  2 hobgoblins
  A quokka (D:1)
  A ball python (D:2)
  A frilled lizard (D:1)
  5 kobolds (D:1)
  4 rats
34 creatures vanquished.

Vanquished Creatures (others)
  A fungus (D:1)
  A plant (D:1)
2 creatures vanquished.

Grand Total: 36 creatures vanquished

Notes
Turn   | Place    | Note
-------+----------+-------------------------------------------
     0 | D:1      | happo123 the Djinni Transmuter began the quest for the Orb.
     0 | D:1      | happo123 set off with the following spells memorised:
                  | Beastly Appendage, Wereblood, Spider Form, Ice Form.
     0 | D:1      | Reached XP level 1. HP: 17/17 MP: 0/0
    78 | D:1      | Reached XP level 2. HP: 4/22 MP: 0/0
   629 | D:1      | Reached XP level 3. HP: 25/28 MP: 0/0
   629 | D:1      | Learned a level 1 spell: Apportation
   795 | D:1      | Found a faded altar of an unknown god.
  1364 | D:2      | Reached XP level 4. HP: 11/33 MP: 0/0
  1465 | D:2      | Slain by a gnoll

Illustrated notes

Levels and vault maps discovered:
D:1:      kennysheep_arrival_forest, layout_basic,
          shapermc_ecumenical_altar_hornbeckon
D:2:      kennysheep_big_flooded_room, layout_basic

Skill      XL: |  1  2  3 |
---------------+----------+-----
Spellcasting   | 2 |  2.2
Fighting       | 2 |  2.1
Dodging        | |  2.7
Unarmed Combat | |  3.3

Action                   |  1- 3 |  4- 6 || total
-------------------------+-------+-------++-------
Melee: Unarmed           |    97 |     9 ||   106
       Headbutt          |    17 |     2 ||    19
       Punch             |     1 |       ||     1
 Cast: Beastly Appendage |    14 |     1 ||    15
       Wereblood         |     2 |     1 ||     3
 Stab: Sleeping          |     1 |       ||     1
Armor: Robe              |    21 |       ||    21
Dodge: Dodged            |    50 |     8 ||    58

Table legend: (Time is in decaauts)
 A = Elapsed time spent in this place.
 B = Non-inter-level travel time spent in this place.
 C = Inter-level travel time spent in this place.
 D = Time resting spent in this place.
 E = Time spent auto-exploring this place.
 F = Levels seen in this place.
 G = Mean time per level.
                   A        B        C        D        E       F      G
               +--------+--------+--------+--------+--------+-----+--------+
         Total |   1459 |    870 |    589 |    183 |    393 |   2 |  729.5 |
       Dungeon |   1459 |    870 |    589 |    183 |    393 |   2 |  729.5 |
               +--------+--------+--------+--------+--------+-----+--------+

Top non-repeatable levels by time:
     D:1: 983 daAuts
     D:2: 475 daAuts
